 Dungeon Crawl Stone Soup version 0.30.0 (webtiles) character file.

Game seed: 6806520890860248483

1017 hls the Zephyrmancer (level 8, -13/41 HPs)
             Began as a Tengu Air Elementalist on May 21, 2023.
             Was an Initiate of Vehumet.
             Mangled by an orc warrior
             ... wielding a +0 trident
              (16 damage)
             ... on level 5 of the Dungeon on May 23, 2023.
             The game lasted 00:13:41 (4487 turns).

hls the Zephyrmancer (Tengu Air Elementalist)       Turns: 4487, Time: 00:13:43

Health: -13/41     AC:  7    Str:  8    XL:     8   Next: 22%
Magic:  2/14       EV: 16    Int: 18    God:    Vehumet [......]
Gold:   274        SH:  0    Dex: 15    Spells: 7/14 levels left

rFire   . . .        q - +2 whip (flame)
rCold   . . .        (no shield)
rNeg    . . .        s - +1 robe {Will+}
rPois   .            (helmet restricted)
rElec   .            (no cloak)
rCorr   .            (no gloves)
SInv    .            (boots unavailable)
Will    +....        (no amulet)
Stlth   ++           h - +4 ring of protection
HPRegen 0.26/turn    (no ring)
MPRegen 0.14/turn

%: no passive effects
@: flying quickly and evasively, quick
A: beak, talons 3, nimble flight
a: Renounce Religion


You were on level 5 of the Dungeon.
You worshipped Vehumet.
Vehumet was noncommittal.
You visited 2 branches of the dungeon, and saw 6 of its levels.

You collected 274 gold pieces.

Inventory:

Hand Weapons
 q - a +2 whip of flaming (weapon)
 r - a +0 short sword of speed
Armour
 a - a +0 robe
 s - a +1 robe of willpower (worn)
Jewellery
 h - a +4 ring of protection (left hand)
Wands
 w - a wand of paralysis (3)
Scrolls
 c - a scroll of brand weapon {unknown}
 d - a scroll of blinking
 e - 2 scrolls of vulnerability
 i - a scroll of enchant armour
 p - a scroll of silence {unknown}
Potions
 b - a potion of lignification {unknown}
 f - 3 potions of haste {unknown}
 g - a potion of resistance {unknown}
 j - 3 potions of heal wounds {unknown}
 k - a potion of attraction {unknown}
 l - 2 potions of mutation
 m - 3 potions of flight {unknown}
 n - 3 potions of curing
 o - a potion of ambrosia {unknown}
 t - a potion of cancellation {unknown}
 u - a potion of brilliance {unknown}


   Skills:
 + Level 3.8 Armour
 + Level 4.5 Dodging
 - Level 2.0 Stealth
 + Level 3.9 Spellcasting
 + Level 4.9 Conjurations
 * Level 8.2 Air Magic


You had 7 spell levels left.
You knew the following spells:

 Your Spells              Type           Power      Damage    Failure   Level
a - Shock                 Conj/Air       100%       1d9       1%          1
b - Static Discharge      Conj/Air       54%        2-5/arc   1%          2
c - Airstrike             Air            16%        2d(3-19)  4%          4

Your spell library contained the following spells:

 Spells                   Type           Power      Damage    Failure   Level
 Swiftness                Air            33%        N/A       1%          3
 Freeze                   Ice            12%        1d3       16%         1
 Dazzling Flash           Conj/Hex       24%        N/A       16%         3
 Ensorcelled Hibernation  Hex/Ice        6%         N/A       22%         2
 Ozocubu's Armour         Ice            3%         N/A       41%         3
 Spider Form              Tmut/Pois      3%         N/A       41%         3
 Volatile Blastmotes      Fire/Tloc      6%         2d10      41%         3
 Iskenderun's Mystic Bla  Conj/Tloc      12%        2d5       47%         4
 Anguish                  Hex/Necr       1%         N/A       83%         4
 Ice Form                 Ice/Tmut       3%         N/A       83%         4
 Metabolic Englaciation   Hex/Ice        1%         N/A       99%         5
 Simulacrum               Ice/Necr       1%         N/A       100%        6
 Starburst                Conj/Fire      6%         6d4       100%        6


Dungeon Overview and Level Annotations

Branches:
Dungeon (5/15)             Temple (1/1) D:4

Altars:
Ashenzari
Cheibriados
Dithmenos
Elyvilon
Gozag
Kikubaaqudgha
Makhleb
Nemelex Xobeh
Okawaru
Qazlal
Ru
Trog
Uskayaw
Vehumet
Wu Jian
Xom
The Shining One

Annotations:
D:2 1 runed translucent door, Crazy Yiuf
D:5 3 runed translucent doors, MuseOD's ghost, novice GrFi


Innate Abilities, Weirdness & Mutations

You have a beak for a mouth.
You have claws for feet.
Your magical nature lets you fly swiftly and evasively.


Message History

The orc warrior is severely wounded.
The orc warrior closely misses you.
You barely miss the orc warrior. Your kick misses the orc warrior.
The orc warrior is severely wounded.
The orc warrior closely misses you.
You barely miss the orc warrior. You claw the orc warrior.
The orc warrior is severely wounded.
The orc warrior completely misses you.
You hit the orc warrior. You burn the orc warrior.
Your peck misses the orc warrior.
The orc warrior is almost dead.
The orc warrior misses you.
You closely miss the orc warrior. Your kick misses the orc warrior.
Your peck misses the orc warrior.
The orc warrior is almost dead.
The orc warrior hits you with a +0 trident.
You hit the orc warrior but do no damage.
You claw the orc warrior, but do no damage.
You peck the orc warrior, but do no damage.
The orc warrior is almost dead.
The orc warrior misses you.
You barely miss the orc warrior.
You claw the orc warrior, but do no damage.
The orc warrior is almost dead.
The orc warrior hits you with a +0 trident.
You are too injured to fight recklessly!
You are too injured to fight recklessly!
You hit the orc warrior but do no damage.
Your kick misses the orc warrior.
You peck the orc warrior, but do no damage.
The orc warrior is almost dead.
The orc warrior hits you with a +0 trident.
You hit the orc warrior but do no damage.
Your kick misses the orc warrior.
You punch the orc warrior, but do no damage.
The orc warrior is almost dead.
The orc warrior hits you with a +0 trident!
* * * LOW HITPOINT WARNING * * *
The orc warrior hits you with a +0 trident!
You die...

.+....##
.+...".#
.+W..$##
.#Z....#
.#Z#.#.#
.#####
....### #
..>...#
#####.#####
....#.#
#..@oo.....
....#.#
#.###.#####
#####.# #.#
.) #.# #.#
.). #.# #.#
..# #.# #.#
.# #.# #.# #
#.########.#
#..........#


You could see an orc warrior and an orc.

Vanquished Creatures
  Pikel (D:5)
  Duvessa (D:5)
  Dowan (D:5)
  A howler monkey (D:4)
  A hound (D:4)
  An orc priest (D:3)
  A sleepcap (D:4)
  2 orc wizards (D:5)
  An iguana (D:5)
  4 gnolls (D:4)
  8 adders
  2 ufetubi (D:5)
  2 worms (D:2)
  3 dart slugs
  4 orcs
  6 ball pythons
  4 bats
  8 endoplasms
  2 giant cockroaches (D:1)
  3 goblins
  5 hobgoblins
  4 jackals (D:5)
  6 quokkas
  2 frilled lizards (D:1)
  3 kobolds
  5 rats
81 creatures vanquished.

Notes
Turn   | Place    | Note
-------+----------+-------------------------------------------
     0 | D:1      | hls the Tengu Air Elementalist began the quest for the Orb.
     0 | D:1      | Reached XP level 1. HP: 10/10 MP: 4/4
    90 | D:1      | Found a faded altar of an unknown god.
   232 | D:1      | Reached XP level 2. HP: 15/15 MP: 4/6
   279 | D:1      | Learned a level 2 spell: Static Discharge
  1140 | D:2      | Reached skill level 1 in Armour
  1140 | D:2      | Reached XP level 3. HP: 19/19 MP: 2/7
  1545 | D:2      | Found a runed translucent door.
  1546 | D:2      | Noticed Crazy Yiuf
  2050 | D:3      | Noticed a +0 spear
  2050 | D:3      | Noticed a +0 falchion
  2050 | D:3      | Noticed a +0 dagger
  2050 | D:3      | Noticed a +0 short sword
  2051 | D:3      | Noticed a +0 spear
  2051 | D:3      | Noticed a +0 falchion
  2051 | D:3      | Noticed a +0 dagger
  2053 | D:3      | Noticed a +0 short sword
  2277 | D:3      | Found a hide-covered altar of Uskayaw.
  2494 | D:3      | Got the Omnibus of Rime
  2564 | D:3      | Reached skill level 5 in Air Magic
  2564 | D:3      | Reached XP level 4. HP: 11/24 MP: 3/8
  2734 | D:3      | Learned a level 4 spell: Airstrike
  2950 | D:4      | Gained mutation: Your magical nature lets you fly swiftly
                  | and evasively. [Tengu growth]
  2950 | D:4      | Reached XP level 5. HP: 28/28 MP: 6/9
  3070 | D:4      | Found a staircase to the Ecumenical Temple.
  3212 | Temple   | Entered the Ecumenical Temple
  3291 | Temple   | Became a worshipper of Vehumet
  3348 | D:4      | Reached skill level 6 in Air Magic
  3348 | D:4      | Reached XP level 6. HP: 32/32 MP: 6/11
  3812 | D:5      | Entered Level 5 of the Dungeon
  3836 | D:5      | Noticed Duvessa
  3836 | D:5      | Noticed Dowan
  3847 | D:5      | Killed Duvessa
  3847 | D:5      | Killed Dowan
  3848 | D:5      | Reached XP level 7. HP: 12/36 MP: 6/12
  4078 | D:5      | Noticed Pikel
  4122 | D:5      | Killed Pikel
  4123 | D:5      | Reached skill level 8 in Air Magic
  4123 | D:5      | Reached XP level 8. HP: 17/41 MP: 1/14
  4419 | D:5      | Found a runed translucent gate.
  4423 | D:5      | Found a runed translucent gate.
  4424 | D:5      | Found a runed translucent gate.
  4426 | D:5      | Noticed MuseOD's ghost (novice GrFi)
  4487 | D:5      | Mangled by an orc warrior

Illustrated notes

Levels and vault maps discovered:
D:1:      ebering_trefoil_3fold, layout_loops_ring,
          shapermc_ecumenical_altar_starsandcircs
D:2:      layout_loops_cross, uniq_crazy_yiuf_cottage
D:3:      layout_rooms, nicolae_uskayaw_en_pointe, dreamdust_wishing_well,
          chequers_serial_rivers_small_a, kennysheep_generic_room_9
D:4:      layout_cave_pools, minmay_temple_entry_butterflies
D:5:      kennysheep_kobold_camp, layout_basic, gammafunk_ghost_necromancy,
          uniq_eustachio, uniq_duvessa, uniq_pikel, uniq_grinder
Temple:   nicolae_temple_bog_church

Skill      XL: |  1  2  3  4  5  6  7 |
---------------+----------------------+-----
Armour         | 1 2 3 |  3.8
Conjurations   | 2 3 4 |  4.9
Air Magic      | 5 6 8 |  8.2
Dodging        | 3 4 |  4.5
Spellcasting   | 3 |  3.9
Stealth        | |  2.0

Action                     |  1- 3 |  4- 6 |  7- 9 || total
---------------------------+-------+-------+-------++-------
  Melee: Unarmed           |    13 |       |       ||    13
         Peck              |     3 |     1 |     3 ||     7
         Kick              |     2 |     5 |     4 ||    11
         Short sword       |     2 |    17 |     1 ||    20
         Whip              |       |       |    12 ||    12
         Punch             |       |       |     1 ||     1
   Cast: Shock             |    85 |    58 |    28 ||   171
         Static Discharge  |       |     8 |     5 ||    13
         Airstrike         |       |     1 |     1 ||     2
    Use: Scroll            |       |     7 |     1 ||     8
         Potion            |       |     2 |       ||     2
 Armour: Robe              |     2 |     5 |     2 ||     9
  Dodge: Dodged            |    16 |    18 |    16 ||    50
